 Dungeon Crawl Stone Soup version 0.30-a0-728-gc68057be0a (webtiles) character file.

Game seed: 11182810094480702124

1135 Dittersdorf the Shield-Bearer (level 8, 0/51 HPs)
             Began as a Gargoyle Fighter on Jan 30, 2023.
             Slain by a black bear (2 damage)
             ... on level 5 of the Dungeon.
             The game lasted 00:07:08 (4272 turns).

Dittersdorf the Shield-Bearer (Gargoyle Fighter)    Turns: 4272, Time: 00:07:09

Health: 0/51       AC: 15    Str: 23    XL:     8   Next: 36%
Magic:  8/8        EV:  7    Int:  8    God:
Gold:   215        SH:  5    Dex: 11    Spells: 7/7 levels left

rFire   . . .      SeeInvis .    g - +1 flail (protect)
rCold   . . .      Faith    .    c - +0 buckler
rNeg    + . .      Spirit   .    h - +0 chain mail
rPois   ∞          Reflect  .    (no helmet)
rElec   +          Harm     .    n - scarf {+Inv}
rCorr   .          Rampage  .    (no gloves)
Will    .....                    (no boots) Stlth
                                 o - amulet of Ycygg {RegenMP Dex+2}
HPRegen 0.28/turn                (no ring)
MPRegen 0.51/turn                (no ring)

@: no status effects
A: sickness immunity, AC +5, negative energy resistance 1, electricity
resistance, torment resistance 1, petrification resistance
a: Evoke Invisibility


You were on level 5 of the Dungeon.
You visited 1 branch of the dungeon, and saw 6 of its levels.

You collected 215 gold pieces.

Inventory:

Hand Weapons
 g - a +1 flail of protection (weapon)
Missiles
 a - a poisoned dart (quivered)
 e - 3 throwing nets
Armour
 c - a +0 buckler (worn)
 h - a +0 chain mail (worn)
 n - a scarf of invisibility (worn)
Jewellery
 i - a ring of fire
 o - the amulet of Ycygg (around neck) {RegenMP Dex+2}
   (You found it on level 4 of the Dungeon)

   [amulet of magic regeneration]

   It increases your rate of magic regeneration.
   Dex:       It affects your dexterity (+2).
Wands
 q - a wand of iceblast (8)
Scrolls
 b - a scroll of fear
 l - a scroll of enchant weapon
 m - a scroll of silence {unknown}
Potions
 d - a potion of might
 f - a potion of curing
 j - a potion of brilliance
 k - a potion of heal wounds
 p - a potion of degeneration {unknown}
 r - a potion of cancellation {unknown}
 s - a potion of haste {unknown}


   Skills:
 + Level 6.2 Fighting
 + Level 5.1 Maces & Flails
 + Level 6.2 Armour
 + Level 6.2 Shields


You had 7 spell levels left.
You didn't know any spells.
Your spell library contained the following spells:

 Spells                   Type           Power      Damage    Failure   Level
 Dazzling Flash           Conj/Hex       0%         N/A       100%        3
 Iskenderun's Mystic Bla  Conj/Tloc      0%         2d3       100%        4
 Starburst                Conj/Fire      0%         6d3       100%        6


Dungeon Overview and Level Annotations

Branches:
Dungeon (6/15)
 Temple: D:4-7

Altars:
Dithmenos
Vehumet
Zin


Innate Abilities, Weirdness & Mutations

You are immune to sickness and miasma.
Your stone body is resilient. (AC +5)
You are immune to poison.
You resist negative energy. (rN+)
You are resistant to electric shocks. (rElec)
You are resistant to unholy torment.
You are immune to petrification.


Message History

An ogre, a black bear and a shadow imp come into view.
Found a runed scarf.
The black bear growls angrily.
The ogre attacks as you move away!
The ogre hits you with a +0 giant spiked club!!
The ogre attacks as you move away! You block the ogre's attack.
Throw: 2 darts (poison)
Press: ? - help, Q - select action, (/) - cycle Shift-Dir - straight line, f - ogre
Aim: an ogre, wielding a +0 giant spiked club (74% to hit)
You throw a poisoned dart. The poisoned dart hits the ogre.
The ogre is poisoned.
You hit the ogre.
Your weapon exudes an aura of protection.
The ogre is lightly wounded.
The ogre barely misses you.
You sock the ogre!
The ogre is severely wounded.
The ogre hits you with a +0 giant spiked club!!
Ouch! That really hurt!
* * * LOW HITPOINT WARNING * * *
You sock the ogre!
You kill the ogre!
The shadow imp gestures at you. Pain shoots through your body!
* * * LOW HITPOINT WARNING * * *
You sock the black bear!
The black bear is heavily wounded.
The black bear barely misses you.
The black bear claws you but does no damage. x2
The black bear attacks as you move away!
The black bear bites you but does no damage.
The black bear claws you.
* * * LOW HITPOINT WARNING * * *
You block the black bear's attack.
The black bear attacks as you move away!
You block the black bear's attack.
The black bear claws you but does no damage. x2
The black bear attacks as you move away!
The black bear bites you.
You die...

#.......#......#.##.......#
+....####......#.##.......#
#....# #........##.......#
#..>.# #.....#############
#....# #.....# ##.#.#
#####.# .... #.# #.# ######
#######@###########.....
#......h............####
...####.##############
###.#### #......# #.#5##.#
#.#)##.# #.#(.#.# #.##.#.##


You could see a black bear and a shadow imp.

Vanquished Creatures
  Grinder (D:4)
  Edmund (D:4)
  2 ogres (D:5)
  A centaur (D:5)
  Blork the orc (D:4)
  A necrophage (D:5)
  2 hounds
  2 jellies
  An orc priest (D:4)
  3 iguanas
  An orc wizard (D:5)
  4 gnolls (D:4)
  5 adders
  A white imp (D:4)
  2 worms (D:2)
  3 dart slugs
  21 orcs
  10 bats
  5 endoplasms
  4 giant cockroaches
  8 goblins
  7 hobgoblins
  4 jackals (D:5)
  2 quokkas
  9 ball pythons
  5 frilled lizards
  5 kobolds
  3 rats
114 creatures vanquished.

Vanquished Creatures (others)
  16 plants (D:4)
16 creatures vanquished.

Grand Total: 130 creatures vanquished

Notes
Turn   | Place    | Note
-------+----------+-------------------------------------------
     0 | D:1      | Dittersdorf the Gargoyle Fighter began the quest for the
                  | Orb.
     0 | D:1      | Reached XP level 1. HP: 14/14 MP: 1/1
   154 | D:1      | Reached XP level 2. HP: 19/19 MP: 2/2
   632 | D:1      | Reached XP level 3. HP: 23/23 MP: 3/3
   708 | D:1      | Found a faded altar of an unknown god.
  1409 | D:2      | Reached XP level 4. HP: 29/29 MP: 4/4
  1804 | D:3      | Found a shadowy altar of Dithmenos.
  2044 | D:3      | You fall into a shaft and drop 3 floors!
  2045 | D:6      | yay!
  2059 | D:6      | Reached XP level 5. HP: 13/33 MP: 5/5
  2166 | D:6      | Found a radiant altar of Vehumet.
  2166 | D:6      | Found a glowing silver altar of Zin.
  2269 | D:5      | Entered Level 5 of the Dungeon
  2355 | D:5      | Noticed an ogre
  2363 | D:5      | Noticed a centaur
  2395 | D:5      | Killed a centaur
  2396 | D:5      | Reached XP level 6. HP: 35/39 MP: 6/6
  2538 | D:4      | Noticed Blork the orc
  2576 | D:4      | Killed Blork the orc
  2577 | D:4      | Reached skill level 5 in Fighting
  2577 | D:4      | Reached skill level 5 in Armour
  2577 | D:4      | Reached skill level 5 in Shields
  2577 | D:4      | Reached XP level 7. HP: 9/44 MP: 7/7
  2757 | D:4      | Noticed Grinder
  2873 | D:4      | Paralysed by Grinder for 3 turns
  2876 | D:4      | Killed Grinder
  2994 | D:4      | Noticed Edmund
  3025 | D:4      | Killed Edmund
  3267 | D:4      | Identified the amulet of Ycygg {RegenMP Dex+2}
  3289 | D:4      | Reached XP level 8. HP: 44/51 MP: 8/8
  4149 | D:5      | Reached skill level 5 in Maces & Flails
  4267 | D:5      | HP: 1/51 [black bear (3)]
  4272 | D:5      | Slain by a black bear

Illustrated notes

# #..
#....##########
#......@.......
#....##########
#.. #


Turn 2045 on D:6: yay!

Levels and vault maps discovered:
D:1:      minmay_arrival_split_and_join, layout_basic,
          hellmonk_ecumenical_altar_inner_sanctum
D:2:      minmay_wonky_spiral, layout_loops_ring,
          chequers_serial_rivers_micro_c, minmay_pentomino_t4
D:3:      layout_basic, mainiacjoe_overflow_brackets
D:4:      layout_basic, serial_bayou, serial_bayou_shore_a, serial_bayou_ford_a,
          serial_bayou_shore_b, serial_bayou_crossing, uniq_edmund,
          uniq_grinder, uniq_blork_the_orc
D:5:      layout_loops_cross, mainiacjoe_overflow_six_doors_small,
          minmay_temple_entry_fiery, st_stairs_3
D:6:      layout_basic, nicolae_overflow_two_pavilions, serial_shops,
          nicolae_shop_stone, serial_demonic, serial_demonic_g,
          serial_demonic_d, serial_demonic_c, serial_demonic_a,
          grunt_ministairs_12, uniq_duvessa

Skill      XL: |  1  2  3  4  5  6  7  8 |
---------------+-------------------------+-----
Fighting       | 4 5 6 |  6.2
Armour         | 4 5 6 |  6.2
Shields        | 4 5 6 |  6.2
Maces & Flails | 3 4 5 |  5.1

Action                     |  1- 3 |  4- 6 |  7- 9 || total
---------------------------+-------+-------+-------++-------
  Melee: Flail             |   117 |   122 |   161 ||   400
  Throw: Dart              |       |     2 |     5 ||     7
         Throwing net      |       |       |     1 ||     1
    Use: Scroll            |       |     8 |     1 ||     9
         Potion            |       |     4 |       ||     4
 Armour: Scale mail        |    69 |   102 |     7 ||   178
         Chain mail        |       |       |    60 ||    60
  Dodge: Dodged            |    57 |   131 |    44 ||   232
  Block: Buckler           |    25 |    43 |    35 ||   103

Table legend: (Time is in decaauts)
 A = Elapsed time spent in this place.
 B = Non-inter-level travel time spent in this place.
 C = Inter-level travel time spent in this place.
 D = Time resting spent in this place.
 E = Time spent auto-exploring this place.
 F = Levels seen in this place.
 G = Mean time per level.
                   A        B        C        D        E       F      G
               +--------+--------+--------+--------+--------+-----+--------+
         Total |   4416 |   4328 |     88 |    488 |   2801 |   6 |  736.0 |
       Dungeon |   4416 |   4328 |     88 |    488 |   2801 |   6 |  736.0 |
               +--------+--------+--------+--------+--------+-----+--------+

Top non-repeatable levels by time:
     D:4: 1341 daAuts
     D:1: 1029 daAuts
     D:2: 780 daAuts
     D:3: 595 daAuts
     D:5: 430 daAuts
     D:6: 239 daAuts
